[Event "*** SCC Grand Prix: Titled Tuesday Blitz"]
[Site "Chess.com"]
[Date "2020.07.07"]
[Round "10"]
[White "Mazetovic"]
[Black "Bigfish1995"]
[Result "0-1"]
[WhiteElo "2745"]
[BlackElo "3038"]
[TimeControl "180+1"]
[EndTime "11:58:16 PDT"]
[Termination "Bigfish1995 won by checkmate"]

1. e4 c6 2. d4 d5 3. exd5 cxd5 4. c3 Nc6 5. Bf4 g6 6. Nd2 f6 7. Bg3 Nh6 8. Ngf3 Bg7 9. Bd3 O-O 10. O-O Bf5 11. Bb5 Qb6 12. Qa4 a6 13. Bxc6 bxc6 14. Nb3 Nf7 15. Rfe1 Rfe8 16. Qa5 Qb5 17. Nfd2 e5 18. a4 Qb7 19. dxe5 fxe5 20. Ra2 e4 21. Nc5 Qa7 22. Ndb3 Ne5 23. Bxe5 Bxe5 24. Nd4 Bc7 25. Qb4 Bd6 26. Ndb3 e3 27. Rxe3 Rxe3 28. fxe3 Re8 29.
Qd4 Bc2 30. Ra1 Qb8 31. Nd2 Bxh2+ 32. Kh1 Be5 33. Qh4 Qxb2 34. Rf1 Qxc3 35. Nd7 Bg7 36.
Nf3 Qc4 37. Nf6+ Bxf6 38. Qxf6 Qxf1+ 39. Kh2 Be4 40. Qxc6 Rf8 41. Qe6+ Kg7 42. Qe5+ Kf7 43. Ng5+ Kg8 44. Qe6+ Kh8 45. Qd7 Qxg2# 0-1

[Event "*** SCC Grand Prix: Titled Tuesday Blitz"]
[Site "Chess.com"]
[Date "2020.07.07"]
[Round "10"]
[White "AlexSuv"]
[Black "Gareth-Bale11"]
[Result "1-0"]
[WhiteElo "2590"]
[BlackElo "2716"]
[TimeControl "180+1"]
[EndTime "11:58:16 PDT"]
[Termination "AlexSuv won by resignation"]

1. d4 Nf6 2. c4 e6 3. Nc3 Bb4 4. e3 O-O 5. Ne2 d5 6. a3 Bd6 7.
Ng3 Nc6 8. cxd5 exd5 9. Be2 Ne7 10. O-O c6 11. b4 Ng6 12. b5 Qc7 13. bxc6 bxc6 14. Bd2 Nh4 15. Rc1 a6 16. Qb3 Nf5 17. Na4 h5 18. Qb6 Nxg3 19. hxg3 Bxg3 20. Qxc7 Bxc7 21. Rxc6 Bd7 22. Rxc7 Bxa4 23. Bb4 Rfb8 24. Rc5 Bb3 25. Rfc1 Ne4 26. Rc7 a5 27. Be7 g6 28. Bf3 Rb6 29. Bxe4 dxe4 30. Kh2 Kh7 31. R1c5 a4 32. d5 Ba2 33. d6 Be6 34. d7 Bxd7 35.
Rxd7 Rb2 36. Kg3 Ra6 37. Rc4 Re6 38. Rxa4 Rb1 39. Bb4 g5 40. Raa7 Kg6 41. Rxf7 h4+ 42. Kh2 Rf1 43. Rg7+ Kf5 44. Ra5+ Re5 45. Rxg5+ Kxg5 46. Rxe5+ Kg4 47. Rxe4+ Kh5 48. Rf4 Kg5 49. Be7+ 1-0

[Event "*** SCC Grand Prix: Titled Tuesday Blitz"]
[Site "Chess.com"]
[Date "2020.07.07"]
[Round "10"]
[White "Artyom_ChessMate"]
[Black "Rodchenkov_Vitalij"]
[Result "1-0"]
[WhiteElo "2495"]
[BlackElo "2360"]
[TimeControl "180+1"]
[EndTime "11:58:16 PDT"]
[Termination "Artyom_ChessMate won by resignation"]

1. e4 c5 2. Nc3 Nc6 3. Bb5 g6 4. Bxc6 dxc6 5. d3 Nf6 6. f4 Bg7 7. Nf3 O-O 8. O-O Qc7 9. Qe1 Bg4 10. Qh4 Bxf3 11. Rxf3 Rad8 12. f5 Nd7 13. Rh3 h5 14. g4 Nf6 15. gxh5 Nxh5 16. Bg5 Qb6 17. Rf1 Qxb2 18. Ne2 Qxc2 19. Nf4 Bd4+ 20. Kh1 Bg7 21. Nxh5 gxh5 22. Qxh5 f6 23. Qh7+ Kf7 24. Qg6+ Kg8 25. Bh6 Rf7 26. Rg1 Kf8 27. Bxg7+ Ke8 28. Rh8+ Kd7 29.
Rxd8+ Kxd8 30. Qxf7 Qxd3 31. Qg6 Qxe4+ 32. Qg2 Qxf5 33.
Bh6 Qd5 34. Qxd5+ cxd5 35. Rd1 d4 36. Bd2 e5 37. Kg2 e4 38. Kg3 c4 39. Kf4 Kc7 40. Kxe4 c3 41. Bxc3 dxc3 42. Rc1 1-0

[Event "*** SCC Grand Prix: Titled Tuesday Blitz"]
[Site "Chess.com"]
[Date "2020.07.07"]
[Round "10"]
[White "EvgenyRomanov"]
[Black "TokChess"]
[Result "0-1"]
[WhiteElo "2605"]
[BlackElo "2435"]
[TimeControl "180+1"]
[EndTime "11:58:17 PDT"]
[Termination "TokChess won by resignation"]

1. e4 d6 2. d4 Nf6 3. Nc3 Nbd7 4. Nf3 e5 5. Bc4 Be7 6. O-O O-O 7. a4 c6 8. Ba2 Qc7 9. Re1 a5 10. Bg5 Re8 11.
Bh4 Nf8 12. dxe5 dxe5 13. Ng5 Ne6 14. Nxe6 Bxe6 15. Bxe6 fxe6 16. Qe2 Nd7 17. Bxe7 Rxe7 18. Rad1 Nf8 19. Qc4 Ng6 20. g3 Rf8 21. Rd2 h5 22. h4 Qb6 23. Nd1 Rf3 24. Kg2 Rf6 25. Qe2 Qb4 26.
b3 Ref7 27. Rf1 Rf3 28. Rd3 Rxd3 29. Qxd3 Qc5 30. Ne3 Kh7 31. Qe2 Kh6 32. Rd1 Rf4 33. Qd2 Rxe4 34. Nf5+ Kh7 35. Qg5 exf5 36. Rd8 Rxh4 37.
gxh4 Nf4+ 38. Kf1 Qxc2 39. Kg1 Nh3+ 0-1

[Event "*** SCC Grand Prix: Titled Tuesday Blitz"]
[Site "Chess.com"]
[Date "2020.07.07"]
[Round "10"]
[White "bascheyaro"]
[Black "Legendinunknown"]
[Result "1-0"]
[WhiteElo "2691"]
[BlackElo "2558"]
[TimeControl "180+1"]
[EndTime "11:58:18 PDT"]
[Termination "bascheyaro won by resignation"]

1. d4 d5 2. c4 c6 3. Nc3 Nf6 4. Bg5 e6 5. e3 Be7 6. Nf3 O-O 7. Bd3 h6 8. Bh4 Nbd7 9. O-O b6 10. cxd5 exd5 11.
a3 Bb7 12. b4 a5 13. Qb3 axb4 14. axb4 b5 15. Bf5 Nb6 16. Ne5 Nc4 17. Rfc1 Qd6 18. Nd3 g6 19. Bg3 Qd8 20. Bh3 Nh5 21. Nc5 Nxg3 22.
hxg3 Rxa1 23. Rxa1 Bc8 24. Ra8 Qc7 25. Bxc8 Rxc8 26.
Ra6 Bxc5 27. bxc5 Qb7 28. Ra2 Ra8 29. Qb1 Rxa2 30. Nxa2 Qa8 31. Nb4 Kf8 32. e4 Nd2 33. Qc1 Nxe4 34. Qxh6+ Kg8 35. Qf4 Qe8 36. Qe3 Qd7 37. f3 Nxg3 38. Qe5 Nf5 39. g4 Nh4 40. Kf2 Qc8 41. Kg3 Nxf3 42. Kxf3 Qa8 43. Qe3 Qc8 44. Kg3 Qb8+ 45. Kh3 Qa8 46. Kh4 Qd8+ 47. Qg5 Qe8 48. Qe5 Qd8+ 49. Kg3 Qa8 50. Kf4 Qc8 51. Kg5 Qa8 52.
Kh6 Qf8+ 53. Kg5 Qa8 54. Kf6 Qa1 55. Qe8+ 1-0

[Event "*** SCC Grand Prix: Titled Tuesday Blitz"]
[Site "Chess.com"]
[Date "2020.07.07"]
[Round "10"]
[White "Stronger1799"]
[Black "SHIVACalypso"]
[Result "1-0"]
[WhiteElo "2484"]
[BlackElo "2348"]
[TimeControl "180+1"]
[EndTime "11:58:18 PDT"]
[Termination "Stronger1799 won by checkmate"]

1. e4 e6 2. c4 d5 3. exd5 exd5 4. cxd5 Nf6 5. Bb5+ Bd7 6. Bc4 Bc5 7. d4 Bb6 8.
Qe2+ Qe7 9. Qxe7+ Kxe7 10. Ne2 Re8 11. O-O Kf8 12. Nbc3 Bf5 13. Bf4 Rd8 14. f3 Nbd7 15. g4 Bg6 16. d6 cxd6 17. Bxd6+ Kg8 18. Rad1 Nf8 19. Bc5 Bc7 20. f4 Nxg4 21. Nd5 Bd6 22. f5 Bh5 23. Nef4 Bxf4 24. Nxf4 Ne3 25. Nxh5 Nxc4 26.
Rd3 Nd7 27. Rg3 g6 28. Be7 Re8 29. f6 Ncb6 30. Ng7 Rec8 31. Nf5 Nd5 32. Nh6+ Kh8 33. Nxf7+ Kg8 34. Nd6 Rc6 35. f7+ Kg7 36. Ne8+ Kh6 37. Rh3# 1-0

[Event "*** SCC Grand Prix: Titled Tuesday Blitz"]
[Site "Chess.com"]
[Date "2020.07.07"]
[Round "10"]
[White "Durarbayli"]
[Black "Alexander_Zubov"]
[Result "0-1"]
[WhiteElo "2809"]
[BlackElo "2946"]
[TimeControl "180+1"]
[EndTime "11:58:19 PDT"]
[Termination "Alexander_Zubov won on time"]

1. e4 c5 2. Nf3 d6 3. d4 cxd4 4. Nxd4 Nf6 5. Nc3 Nc6 6. Bc4 e6 7. Be3 a6 8. Qe2 Na5 9. Bb3 b5 10. O-O-O Qc7 11. g4 Nxb3+ 12. axb3 b4 13. Na4 Nxe4 14.
Rhe1 Bb7 15. f3 Nf6 16. Nf5 Nd7 17. Bf4 e5 18. Bg5 f6 19. Bh4 g6 20. Ne3 Bh6 21.
Kb1 Bxe3 22. Qxe3 Rc8 23. Rd2 O-O 24. Bg3 Rfe8 25. h4 d5 26. g5 f5 27. Bh2 f4 28.
Qf2 d4 29. h5 Qc6 30. hxg6 Qxg6 31. Qh4 Bd5 32. Qh3 Be6 33. Qf1 Bxb3 34. Bxf4 Bxc2+ 35. Ka1 Bxa4 36. Bxe5 Rxe5 37. Rxe5 Nxe5 38. f4 Qc6 0-1

[Event "*** SCC Grand Prix: Titled Tuesday Blitz"]
[Site "Chess.com"]
[Date "2020.07.07"]
[Round "10"]
[White "Michaelson_11"]
[Black "pavlitas17"]
[Result "0-1"]
[WhiteElo "2117"]
[BlackElo "2304"]
[TimeControl "180+1"]
[EndTime "11:58:19 PDT"]
[Termination "pavlitas17 won by checkmate"]

1. e4 c5 2. Nc3 g6 3. d4 cxd4 4. Qxd4 Nf6 5. e5 Nc6 6. Qf4 Nh5 7. Qe3 Ng7 8. g4 h5 9. f3 Ne6 10. h4 hxg4 11. fxg4 Bh6 12. g5 Bxg5 13. hxg5 Rxh1 14. Nh3 Qa5 15. Bd2 Qxe5 16. O-O-O Qxe3 17. Bxe3 b6 18. Nd5 Bb7 19. Kd2 O-O-O 20. c4 Rh8 21. Nhf4 R1h2+ 22. Kc3 Nxf4 23. Bxf4 R2h4 24. Bg3 Rg4 25. Rd3 Rxg5 26.
b4 e6 27. Nf6 Ne5 28. Bxe5 Rxe5 29. Nxd7 Rf5 30. Be2 Rh4 31. c5 Bc6 32. Nf8 bxc5 33. bxc5 Rxc5+ 34. Kb2 Rb4+ 35. Rb3 Rxb3+ 36. Kxb3 Re5 37.
Ba6+ Kc7 38. Kc3 Kd6 39. Kd4 Rh5 40. Kc4 Ke7 41. Kb4 Kxf8 42. a4 Bxa4 43. Kxa4 Rd5 44. Bc4 g5 45. Kb4 Rd4 46. Kc5 Rxc4+ 47. Kxc4 g4 48.
Kd4 f5 49. Ke5 a5 50. Kxe6 g3 51. Kd5 g2 52. Ke5 g1=Q 53. Kxf5 Qe3 54. Kf6 a4 55. Kf5 a3 56. Kf6 a2 57. Kf5 a1=Q 58. Kg6 Qa6+ 59. Kf5 Qae6# 0-1

[Event "*** SCC Grand Prix: Titled Tuesday Blitz"]
[Site "Chess.com"]
[Date "2020.07.07"]
[Round "10"]
[White "ailime26"]
[Black "Klavdia_Nik"]
[Result "0-1"]
[WhiteElo "1857"]
[BlackElo "2057"]
[TimeControl "180+1"]
[EndTime "11:58:19 PDT"]
[Termination "Klavdia_Nik won by resignation"]

1. e4 c5 2. Nf3 Nc6 3. d4 cxd4 4.
Nxd4 Nf6 5. Nc3 e5 6. Ndb5 d6 7. Bg5 a6 8. Na3 Be7 9. g3 O-O 10. Bg2 b5 11. Bxf6 Bxf6 12. Nd5 Bg5 13. O-O Rb8 14. b3 f5 15. c4 Nd4 16. Nc2 Nxc2 17.
Qxc2 Be6 18. Rad1 Rc8 19. Qe2 bxc4 20. bxc4 Qa5 21. h4 Bd8 22. Ne3 f4 23. gxf4 exf4 24. Rxd6 Qe5 25. Rd3 fxe3 26. Qxe3 Bxc4 27. Rd5 Bxd5 28.
exd5 Qxe3 29. fxe3 Rxf1+ 30. Kxf1 Bxh4 31. Ke2 Bf6 32.
Kd3 Kf7 33. e4 Be5 34. Ke3 Ke7 35. Kf3 Rc3+ 36. Kg4 Kf6 37. Bh3 Rg3+ 38. Kh4 g5+ 39. Kh5 Rxh3+ 40. Kg4 Rg3+ 41. Kh5 0-1

[Event "*** SCC Grand Prix: Titled Tuesday Blitz"]
[Site "Chess.com"]
[Date "2020.07.07"]
[Round "10"]
[White "Thipsay"]
[Black "Caterpiller35"]
[Result "0-1"]
[WhiteElo "2512"]
[BlackElo "2401"]
[TimeControl "180+1"]
[EndTime "11:58:20 PDT"]
[Termination "Caterpiller35 won on time"]

1. e4 c5 2. Nf3 Nc6 3. d4 cxd4 4. Nxd4 e5 5. Nf3 Nf6 6. Nc3 Bc5 7. Bc4 d6 8. Bg5 h6 9. Bxf6 Qxf6 10. Nd5 Qd8 11.
c3 a6 12. O-O O-O 13. a4 Be6 14. b4 Ba7 15. Qd3 Rc8 16. a5 Kh8 17. Rad1 f5 18. Nb6 Bxc4 19. Nxc4 fxe4 20. Qxe4 Rf4 21. Qe2 Nd4 22.
cxd4 e4 23. Ne1 d5 24. Ne3 Qd6 25. g3 Rf7 26. N1c2 Rcf8 27. Qh5 Rc7 28. Rd2 Rfc8 29. Ne1 Qxb4 30. Rc2 Bxd4 31. Rxc7 Rxc7 32. Qe8+ Kh7 33.
Nxd5 Bxf2+ 34. Kxf2 Qd4+ 35. Ne3 Qd2+ 0-1

[Event "*** SCC Grand Prix: Titled Tuesday Blitz"]
[Site "Chess.com"]
[Date "2020.07.07"]
[Round "10"]
[White "ega2006"]
[Black "PotapovaM"]
[Result "0-1"]
[WhiteElo "2352"]
[BlackElo "2488"]
[TimeControl "180+1"]
[EndTime "11:58:21 PDT"]
[Termination "PotapovaM won by resignation"]

1. e4 c5 2. Nc3 d6 3. g3 g6 4. Bg2 Bg7 5. d3 Nc6 6. f4 e6 7.
Nf3 Nge7 8. O-O O-O 9. Be3 Nd4 10.
e5 Nef5 11. Bf2 Nxf3+ 12. Qxf3 dxe5 13. fxe5 Nd4 14. Qd1 Bxe5 15. Ne4 Bg7 16. c3 Nf5 17. Bxc5 Re8 18. g4 Nh4 19. Bh1 f5 20. Nd6 Bf8 21. Nxc8 Bxc5+ 22. d4 Bf8 23. Bxb7 Rxc8 24. Bxc8 Qxc8 25. Qe1 g5 26. gxf5 exf5 27. Qg3 h6 28.
Rae1 f4 29. Qf2 Qg4+ 30. Kh1 Rxe1 31. Rxe1 Qf5 32. Re5 Qb1+ 33. Re1 Qxa2 34. Qe2 f3 35. Qe4 Qf7 36. Rf1 Bd6 37. d5 Qe7 38. Qg4 Kg7 39. c4 f2 40. b4 Qe5 41. Qh3 Qe4+ 0-1

[Event "*** SCC Grand Prix: Titled Tuesday Blitz"]
[Site "Chess.com"]
[Date "2020.07.07"]
[Round "10"]
[White "PawnEatingZombie"]
[Black "tamarozi99"]
[Result "0-1"]
[WhiteElo "2169"]
[BlackElo "2002"]
[TimeControl "180+1"]
[EndTime "11:58:21 PDT"]
[Termination "tamarozi99 won on time"]

1. d4 Nf6 2. c4 g6 3. Nc3 Bg7 4. e4 d6 5. Be2 O-O 6. Be3 e5 7. d5 Nbd7 8. g4 Nc5 9. f3 a5 10. h4 c6 11. h5 cxd5 12. cxd5 a4 13. Nh3 gxh5 14. g5 Nfd7 15. Nf2 f5 16. gxf6 Nxf6 17. Qd2 Qa5 18. O-O-O b5 19. Nxb5 Qb6 20. Kb1 Rb8 21. Rdg1 Ba6 22. Na3 Bxe2 23. Qxe2 Qb4 24. Bc1 Qxa3 25. Rg2 Qb4 26. Rhg1 Rf7 27. Bh6 Rbb7 28. Nh3 Kf8 29. Bxg7+ Rxg7 30. Ng5 a3 31. b3 Qd4 32. Qa6 Qd3+ 33. Ka1 Qc3+ 34. Kb1 h6 35. Qa8+ Ke7 36. Ne6 Qd3+ 37. Ka1 Qc3+ 38. Kb1 Nxe6 0-1

[Event "*** SCC Grand Prix: Titled Tuesday Blitz"]
[Site "Chess.com"]
[Date "2020.07.07"]
[Round "10"]
[White "VALPARAISO37"]
[Black "djano"]
[Result "1-0"]
[WhiteElo "2326"]
[BlackElo "2448"]
[TimeControl "180+1"]
[EndTime "11:58:23 PDT"]
[Termination "VALPARAISO37 won by checkmate"]

1. d4 d5 2. c4 e5 3. dxe5 d4 4. Nf3 Nc6 5. a3 a5 6. Bf4 Nge7 7. e3 Ng6 8. Bg5 f6 9. exf6 gxf6 10. Bf4 Nxf4 11.
exf4 Bf5 12. Bd3 Qe7+ 13. Kf1 Be6 14. Nbd2 Bh6 15. f5 Bf7 16. Qe2 Ne5 17. Re1 O-O-O 18. Nb3 Rhe8 19. Nxe5 fxe5 20. Nxa5 c6 21. b4 Qc7 22. f3 Be3 23. Be4 Kb8 24. Qd3 Rc8 25. Rxe3 dxe3 26. Qxe3 Red8 27. Kf2 Rd4 28. Rc1 Qd8 29.
g3 Rd2+ 30. Kg1 Qd6 31. Qb6 Qd4+ 32. Qxd4 exd4 33. Nb3 Ra2 34. Nxd4 Rxa3 35. h4 Rd8 36. Rd1 Kc8 37. c5 h5 38. Kf2 Ra4 39. Ke3 Rxb4 40. g4 hxg4 41. fxg4 Bd5 42. Bxd5 Rxd5 43. f6 Kd7 44. g5 Ra4 45. h5 Ra3+ 46. Kf4 Rh3 47. Kg4 Rh2 48. g6 Rg2+ 49. Kf3 Rgg5 50. f7 Ke7 51. Re1+ Kf6 52. f8=Q# 1-0

[Event "*** SCC Grand Prix: Titled Tuesday Blitz"]
[Site "Chess.com"]
[Date "2020.07.07"]
[Round "10"]
[White "guillembaches"]
[Black "Shushik"]
[Result "1/2-1/2"]
[WhiteElo "2391"]
[BlackElo "2207"]
[TimeControl "180+1"]
[EndTime "11:58:23 PDT"]
[Termination "Game drawn - insufficient material"]

1. e4 e5 2. Nf3 Nc6 3. Nc3 g6 4. d4 exd4 5. Nxd4 Bg7 6. Be3 Nf6 7. f3 O-O 8. Qd2 Re8 9. O-O-O d5 10. Bb5 Bd7 11.
exd5 Nxd4 12. Bxd4 Bxb5 13. Nxb5 Qxd5 14. Bxf6 Qxa2 15.
Qd4 Bxf6 16. Qxf6 Qa1+ 17. Kd2 Rad8+ 18. Kc3 Qa5+ 19. Kc4 Qa4+ 20. b4 Rxd1 21. Rxd1 Qxc2+ 22. Nc3 a6 23. Rd8 b5+ 24. Kc5 Rxd8 25. Qxd8+ Kg7 26. Qd4+ Kg8 27. g4 Qxh2 28. Ne4 Qc2+ 29. Qc3 Qxc3+ 30. Nxc3 h5 31. gxh5 gxh5 32. Ne4 h4 33. Kc6 h3 34. Kxc7 h2 35. Nf2 Kg7 36. Kb6 Kg6 37. Kxa6 Kf5 38. Kxb5 Kf4 39. Kc5 Kxf3 40. Nh1 Kg2 41. b5 Kxh1 42.
b6 Kg1 43. b7 h1=Q 44. b8=Q Qh5+ 45. Kd4 Qd1+ 46. Ke4 Qe2+ 47. Kf5 Qf3+ 48. Kg5 f6+ 49. Kg6 Kg2 50. Qb2+ Kg3 51. Qxf6 Qxf6+ 52. Kxf6 1/2-1/2

[Event "*** SCC Grand Prix: Titled Tuesday Blitz"]
[Site "Chess.com"]
[Date "2020.07.07"]
[Round "10"]
[White "Grieve72"]
[Black "ElviraBerend"]
[Result "1-0"]
[WhiteElo "2273"]
[BlackElo "2419"]
[TimeControl "180+1"]
[EndTime "11:58:24 PDT"]
[Termination "Grieve72 won by resignation"]

1. e4 e5 2. Nf3 Nc6 3. Bc4 Bc5 4. O-O Nf6 5. d3 d6 6. a4 a5 7. c3 Bg4 8. Re1 O-O 9. h3 Bh5 10. g4 Nxg4 11. hxg4 Bxg4 12. Kg2 Kh8 13. Qd2 Bxf3+ 14. Kxf3 f5 15. Qg5 fxe4+ 16. Ke2 Rxf2+ 17. Kd1 Qxg5 18. Bxg5 exd3 19. Nd2 h6 20. Be3 Bxe3 21. Rxe3 Raf8 22. Bxd3 d5 23. Bb5 d4 24. Re1 dxc3 25. bxc3 Ne7 26. Rxe5 Ng6 27. Re3 c6 28. Bd3 Nf4 29. Rb1 Rd8 30.
Kc2 Rd7 31. c4 g6 32. Kc3 Kg7 33. Ne4 Ra2 34. Nc5 Rf7 35. Rxb7 Rc7 36. Rxc7+ Kf6 37. Nd7+ Kg5 38. Rxc6 Kh4 39. Ne5 Kh5 40. Nxg6 Ra3+ 41. Kd4 Nxd3 42. Rxd3 Rxa4 43. Ne5 Kg5 44. Rg3+ Kf5 45.
Rxh6 Ra1 46. Rh5+ Ke6 47. Rg6+ Ke7 48. Rh7+ Kf8 49. Nd7+ 1-0

[Event "*** SCC Grand Prix: Titled Tuesday Blitz"]
[Site "Chess.com"]
[Date "2020.07.07"]
[Round "10"]
[White "Brave_spirit12"]
[Black "BakaPG"]
[Result "0-1"]
[WhiteElo "2500"]
[BlackElo "2665"]
[TimeControl "180+1"]
[EndTime "11:58:25 PDT"]
[Termination "BakaPG won by checkmate"]

1. e4 e6 2. d4 d5 3. Nd2 a6 4. Ngf3 Nf6 5. Bd3 c5 6. c3 Nc6 7. O-O Be7 8. Re1 O-O 9. Qe2 b5 10. e5 Nd7 11. Nf1 c4 12. Bc2 a5 13. Ng3 b4 14. h3 a4 15. a3 bxc3 16. bxc3 Nb6 17. Nh5 Na5 18. Nh2 Nb3 19. Rb1 g6 20. Nf6+ Bxf6 21.
exf6 Qxf6 22. Ng4 Qe7 23. Bh6 f5 24. Bxf8 Qxf8 25. Ne5 Qxa3 26. Nc6 Qd6 27. Nb4 Bd7 28. h4 Rf8 29. h5 g5 30. h6 Qe7 31. Qe5 Bc8 32.
Nxd5 Nxd5 33. Qxd5 Qc7 34. Qb5 Bd7 35. Qa6 Kf7 36.
d5 exd5 37. Re2 Qc6 38. Qa7 Ra8 39. Qe3 Re8 40. Qf3 g4 41. Rxe8 gxf3 42. Rh8 Qxh6 43. Re1 Qg7 44. Rd8 Qxg2# 0-1

[Event "*** SCC Grand Prix: Titled Tuesday Blitz"]
[Site "Chess.com"]
[Date "2020.07.07"]
[Round "10"]
[White "wild_cat99"]
[Black "chegueps"]
[Result "1-0"]
[WhiteElo "2604"]
[BlackElo "2429"]
[TimeControl "180+1"]
[EndTime "11:58:25 PDT"]
[Termination "wild_cat99 won by checkmate"]

1. Nf3 f5 2. d4 Nf6 3. g3 g6 4. Bg2 Bg7 5. O-O O-O 6. b3 d6 7. Bb2 c6 8. Nbd2 a5 9. a4 Na6 10. e3 Nb4 11. Nc4 Nbd5 12. h4 b5 13. Ncd2 Bb7 14. Ng5 Qc8 15. e4 fxe4 16. Ngxe4 b4 17. Kh2 Ng4+ 18. Kg1 Ngf6 19. Ng5 c5 20. Bh3 Qb8 21. Ne6 Nc3 22. Bxc3 bxc3 23. Nc4 Ne4 24. Nxf8 Qxf8 25. d5 Bd4 26. Be6+ Kh8 27. Qd3 Nd2 28. Nxd2 cxd2 29. c3 Ba6 30. Qxd2 Bxf1 31. Rxf1 Bf6 32. Re1 Qb8 33. Qc2 c4 34. Rb1 cxb3 35. Rxb3 Qc7 36. c4 Rb8 37. Rb5 Rxb5 38. axb5 Qb6 39. Kg2 Bd4 40. Qe4 a4 41. Qf4 Bf6 42. Qh6 Bg7 43.
Qf4 Bf6 44. c5 Qxc5 45. Qxa4 Kg7 46. Qa6 Qc2 47. Qc8 Qe4+ 48. Kh2 Qe2 49. Qg8+ Kh6 50. Qf8+ Bg7 51. Qf4+ Kh5 52. Qg5# 1-0

[Event "*** SCC Grand Prix: Titled Tuesday Blitz"]
[Site "Chess.com"]
[Date "2020.07.07"]
[Round "10"]
[White "MashaFromRussia"]
[Black "Trickov"]
[Result "1-0"]
[WhiteElo "2440"]
[BlackElo "2324"]
[TimeControl "180+1"]
[EndTime "11:58:25 PDT"]
[Termination "MashaFromRussia won on time"]

1. d4 d5 2. c4 c6 3. Nf3 Nf6 4. Nc3 dxc4 5. a4 Bf5 6. e3 e6 7. Bxc4 Bb4 8. O-O O-O 9. Qe2 Bg6 10. Rd1 Nbd7 11. Bb3 a5 12. Bd2 Qe7 13. Rac1 e5 14. d5 Nc5 15. Bc4 Rfd8 16. dxc6 bxc6 17. Be1 Rab8 18.
Nh4 Bxc3 19. Nxg6 hxg6 20. Bxc3 Nxa4 21. Rxd8+ Qxd8 22. Bxe5 Rb4 23. b3 Nb6 24. Rd1 Qe8 25. Bd6 Nxc4 26. Bxb4 Nxe3 27. Qxe3 Qxe3 28. fxe3 axb4 29.
Rd8+ Kh7 30. Rb8 Nd5 31. e4 Nc3 32. Rxb4 f5 33. e5 g5 34. Rc4 Nd5 35. Rxc6 f4 36. Kf2 g4 37. h3 gxh3 38. gxh3 g5 39. Rd6 Ne3 40. b4 Kg7 41. b5 Nc4 42. Rd5 Kf7 43.
e6+ Kxe6 44. Rxg5 Nd6 45. Kf3 1-0

[Event "*** SCC Grand Prix: Titled Tuesday Blitz"]
[Site "Chess.com"]
[Date "2020.07.07"]
[Round "10"]
[White "temus_galaktionov"]
[Black "Skatchkov_V"]
[Result "0-1"]
[WhiteElo "2662"]
[BlackElo "2565"]
[TimeControl "180+1"]
[EndTime "11:58:26 PDT"]
[Termination "Skatchkov_V won by resignation"]

1. d4 Nf6 2. Nf3 e6 3. c4 b6 4. g3 Bb7 5. Bg2 Be7 6. Nc3 O-O 7.
Bd2 c5 8. d5 exd5 9. Nh4 Ne4 10.
Nf5 Bf6 11. cxd5 Nxd2 12. Qxd2 d6 13. Ne4 Be7 14. Qf4 Bf6 15. Nfxd6 Ba6 16. Nxf6+ Qxf6 17. Qxf6 gxf6 18. e4 Nd7 19. f4 Rad8 20. Nf5 Rfe8 21.
Kf2 c4 22. b4 cxb3 23. axb3 Nc5 24. b4 Nd3+ 25. Kf3 Nxb4 26. Ra4 Rxd5 27. exd5 Be2+ 28. Kf2 Nd3+ 29. Kg1 Bd1 30. h4 Bxa4 31. Kh2 Bd7 32. Nd6 Re2 33. Ra1 Ne1 34. Rxa7 Rxg2+ 35. Kh1 Bg4 36. f5 Bf3 37. Nxf7 Ra2+ 0-1

[Event "*** SCC Grand Prix: Titled Tuesday Blitz"]
[Site "Chess.com"]
[Date "2020.07.07"]
[Round "10"]
[White "vanImpe"]
[Black "Munkhzul_Turmunkh"]
[Result "0-1"]
[WhiteElo "2449"]
[BlackElo "2605"]
[TimeControl "180+1"]
[EndTime "11:58:26 PDT"]
[Termination "Munkhzul_Turmunkh won by resignation"]

1. g3 Nf6 2. Bg2 d5 3. c4 e6 4. Nf3 Be7 5. O-O O-O 6. d4 dxc4 7. Nbd2 b5 8. a4 c6 9. Ne5 Nd5 10. e4 Nb4 11. d5 exd5 12. exd5 Nxd5 13. axb5 cxb5 14.
Ndxc4 Be6 15. Ne3 Bf6 16. Nxd5 Bxe5 17. Nf4 Bxf4 18. Qxd8 Rxd8 19. Bxf4 Nd7 20. Bxa8 Rxa8 21. Ra5 Bc4 22. Rd1 Nf6 23. f3 h6 24. Be5 Nd5 25. Kf2 Re8 26. f4 f6 27. Bd4 Re2+ 28. Kf3 Rxh2 29.
Re1 h5 30. Rxa7 Rd2 31. Bc3 Nxc3 32. bxc3 Rd3+ 33. Kf2 Rxc3 34. Ree7 Rc2+ 35. Kg1 Rc1+ 36. Kh2 Bd5 37. Rxg7+ Kf8 38. g4 h4 39. Rgf7+ Bxf7 40. g5 fxg5 41. fxg5 Bd5 42. Kh3 Rc4 43. g6 Be6+ 44.
Kg2 b4 45. Rh7 Kg8 46. Re7 Bd5+ 47. Kh2 b3 48. Rd7 b2 49. Rxd5 b1=Q 50. Rd8+ Kg7 51. Rd6 Qc2+ 52. Kh3 Qf5+ 0-1

[Event "*** SCC Grand Prix: Titled Tuesday Blitz"]
[Site "Chess.com"]
[Date "2020.07.07"]
[Round "10"]
[White "MrChampion_Coach"]
[Black "SCIM"]
[Result "1-0"]
[WhiteElo "2438"]
[BlackElo "2530"]
[TimeControl "180+1"]
[EndTime "11:58:27 PDT"]
[Termination "MrChampion_Coach won by resignation"]

1. e4 c5 2. Nf3 e6 3. d4 cxd4 4. Nxd4 Nc6 5. Nc3 Qc7 6. Be3 a6 7. Qf3 Nf6 8. O-O-O Ne5 9. Qg3 b5 10. a3 Bb7 11. Bxb5 Rc8 12. Ba4 Bxa3 13. Bf4 Nh5 14. Bxe5 Bxb2+ 15. Kxb2 Qb6+ 16. Nb3 Nxg3 17. Bxd7+ Ke7 18.
hxg3 Rcd8 19. Bd6+ Kf6 20. e5+ Kg6 21. Be7 h6 22. Bxd8 Rxd8 23. Rd6 Qxf2 24. Rhd1 Bxg2 25. R1d2 Qf1 26. Bc6 Bxc6 27. Rxd8 Qe1 28. R8d6 Bb5 29. Nxb5 axb5 30. R6d3 Qxe5+ 31. Nd4 b4 32. Rb3 Qc5 33.
Ne2 e5 34. Nc1 f5 35. Nd3 Qd4+ 36. Kb1 Qg1+ 37. Ka2 e4 38. Nf4+ Kg5 39. Nh3+ Kg4 40. Nxg1 e3 41. Rxe3 f4 42. gxf4 b3+ 43. cxb3 1-0

[Event "*** SCC Grand Prix: Titled Tuesday Blitz"]
[Site "Chess.com"]
[Date "2020.07.07"]
[Round "10"]
[White "viktorskliarov"]
[Black "Manukyan_Artak"]
[Result "1-0"]
[WhiteElo "2524"]
[BlackElo "2367"]
[TimeControl "180+1"]
[EndTime "11:58:28 PDT"]
[Termination "viktorskliarov won on time"]

1. e4 c6 2. d4 d5 3. e5 Bf5 4. Nf3 e6 5. Be2 c5 6. Be3 Nd7 7. O-O Ne7 8. c3 Nc6 9. a3 c4 10. Nbd2 Na5 11. Qc1 Be7 12. Bd1 O-O 13. Bc2 Bxc2 14.
Qxc2 b5 15. Ne1 g6 16. f4 Nc6 17. g4 f5 18. exf6 Nxf6 19. h3 Qd7 20. Kg2 a5 21. Nef3 a4 22. Ne5 Nxe5 23. fxe5 Ne8 24.
Bh6 Ng7 25. Nf3 Rf7 26. Ng5 Bxg5 27. Bxg5 Rxf1 28. Rxf1 Rf8 29. Bf6 Ne8 30. Qd2 Nxf6 31.
exf6 Qf7 32. Qf4 Rd8 33. Qe5 h6 34. h4 Kh7 35. Kf2 Rf8 36. Ke2 Re8 37. Rf3 Kg8 38. h5 g5 39. Qd6 Kh8 40. Kd2 Qh7 41. f7 1-0

[Event "*** SCC Grand Prix: Titled Tuesday Blitz"]
[Site "Chess.com"]
[Date "2020.07.07"]
[Round "10"]
[White "aljado"]
[Black "mfwagnerpeixoto"]
[Result "0-1"]
[WhiteElo "2106"]
[BlackElo "2209"]
[TimeControl "180+1"]
[EndTime "11:58:29 PDT"]
[Termination "mfwagnerpeixoto won on time"]

1. e4 c5 2. Nf3 Nc6 3. c3 d5 4.
exd5 Qxd5 5. d4 Nf6 6. Be2 cxd4 7. cxd4 e6 8. Nc3 Qd6 9. O-O Be7 10. Nb5 Qd8 11. Be3 O-O 12. Rc1 Nd5 13. a3 Bf6 14. Qc2 Nce7 15. Rfd1 Ng6 16. Bd3 Bd7 17. Nd6 Ba4 18.
Qxa4 Qxd6 19. Qb5 b6 20. Qc6 Qxc6 21. Rxc6 Rfc8 22. Rdc1 Nge7 23. Rxc8+ Rxc8 24. Rxc8+ Nxc8 25. Bd2 Nce7 26. Be4 g6 27. Ne5 Kf8 28. Nd7+ Ke8 29. Nxf6+ Nxf6 30. Bf3 Ned5 31. Bg5 Kd7 32. Kf1 Ne8 33.
Ke2 Nd6 34. Bd2 Nf5 35. Bxd5 exd5 36. Kd3 Ke6 37. Bf4 Ne7 38. Bb8 Nc6 39. Bg3 a6 40. b3 b5 41. f3 Na5 0-1